 Dungeon Crawl Stone Soup version 0.31-a0-149-g3fdcc5976a (webtiles) character file.

Game seed: 474855144834999631

44 qw the Shooter (level 3, -1/31 HPs)
             Began as a Minotaur Hunter on June 7, 2023.
             Slain by Robin
             ... wielding a +0 spear
              (2 damage)
             ... on level 2 of the Dungeon.
             The game lasted 00:00:26 (843 turns).

qw the Shooter (Minotaur Hunter)                     Turns: 843, Time: 00:00:26

Health: -1/31      AC:  5    Str: 15    XL:     3   Next: 39%
Magic:  2/2        EV: 11    Int:  6    God:
Gold:   73         SH:  0    Dex: 15    Spells: 2/2 levels left

rFire   . . .        Y - +0 shortbow
rCold   . . .        (shield currently unavailable)
rNeg    . . .        h - +0 ring mail
rPois   .            (helmet restricted)
rElec   .            (no cloak)
rCorr   .            (no gloves)
SInv    .            (no boots)
Will    .....        (no amulet)
Stlth   +            (no ring)
HPRegen 0.25/turn    (no ring)
MPRegen 0.08/turn

%: no passive effects
@: no status effects
A: horns 2, retaliatory headbutt
a: no special abilities


You were on level 2 of the Dungeon.
You visited 1 branch of the dungeon, and saw 2 of its levels.

You collected 73 gold pieces.


Innate Abilities, Weirdness & Mutations

You have a pair of horns on your head.
You reflexively headbutt those who attack you in melee.


   Skills:
 - Level 3.0 Fighting
 + Level 5.3 Ranged Weapons
 - Level 1.1 Armour
 - Level 2.1 Dodging
 - Level 0.7 Stealth


You had 2 spell levels left.
You didn't know any spells.
Your spell library was empty.

Inventory:

Hand Weapons
 Y - a +0 shortbow (weapon)
Armour
 h - a +0 ring mail (worn)
Jewellery
 f - an amulet of regeneration
 j - a +5 ring of evasion
Scrolls
 c - a scroll of enchant armour {unknown}
 g - a scroll of identify {unknown}
Potions
 a - a potion of degeneration {unknown}
 b - a potion of invisibility {unknown}
 d - a potion of berserk rage {unknown}
 e - a potion of attraction {unknown}
 i - a potion of brilliance {unknown}

Dungeon Overview and Level Annotations

Branches:
Dungeon (2/15)

Altars:

Annotations:
D:2 Robin


Message History

Robin roars a battlecry!
The goblins go into a battle-frenzy!
You shoot an arrow. The arrow hits the hobgoblin.
You kill the hobgoblin!
The goblin hits you but does no damage. Robin throws the goblin at you!
The goblin hits you with a +0 club.
You shoot an arrow. The arrow barely misses the goblin.
The goblin barely misses you. The goblin hits you with a +0 club.
You shoot an arrow. The arrow hits the goblin.
The goblin is moderately wounded.
The goblin misses you. The goblin barely misses you.
You shoot an arrow. The arrow closely misses the goblin.
The goblin barely misses you. x2; Robin closely misses you.
You shoot an arrow. The arrow hits the goblin.
The goblin is severely wounded.
The goblin hits you but does no damage. The goblin hits you with a +0 club.
You shoot an arrow. The arrow closely misses the goblin.
The goblin barely misses you. You furiously retaliate!
You headbutt the goblin, but do no damage.
The goblin hits you with a +0 club. Robin closely misses you.
Robin hits you but does no damage. The goblin barely misses you.
You furiously retaliate!
You headbutt the goblin.
You kill the goblin!
The goblin hits you with a +0 club.
You shoot an arrow. The arrow closely misses the goblin.
The goblin hits you with a +0 club.
Robin hits you from afar with a +0 spear.
You shoot an arrow. The arrow closely misses the goblin.
The goblin hits you but does no damage.
Robin hits you from afar with a +0 spear.
You shoot an arrow. The arrow hits the goblin!
You kill the goblin!
Robin barely misses you.
You shoot an arrow. The arrow barely misses Robin.
Robin hits you from afar with a +0 spear.
Robin hits you but does no damage.
You shoot an arrow. The arrow hits Robin.
Robin is lightly wounded.
Robin hits you from afar with a +0 spear.
You die...

#.....)...#.......#
#.#######.#.......#
#.######..#.##...##
#.........#)#....#
########..#.#(...#
.. #..#.#....# #g
#....#.####
#)####..#.#
#)@)....#.#
######..#.#########
#.............#
#.#.###.#####.#
..#........##.#
########......#
###....# ####.# #.#


You could see Robin.

Vanquished Creatures
  2 worms
  A dart slug (D:1)
  A bat (D:1)
  3 endoplasms (D:1)
  7 goblins
  4 hobgoblins
  2 quokkas (D:2)
  2 ball pythons (D:1)
  6 frilled lizards
  3 kobolds
  3 rats
34 creatures vanquished.

Notes
Turn   | Place    | Note
-------+----------+-------------------------------------------
     0 | D:1      | qw the Minotaur Hunter began the quest for the Orb.
     0 | D:1      | Reached XP level 1. HP: 18/18 MP: 0/0
     0 | D:1      | 0 ||| qw: Version: 0.2-a-117-gc6b5c8b
     0 | D:1      | 0 ||| qw: Game counter: 2672
     0 | D:1      | 0 ||| qw: Always use a shield: true
     0 | D:1      | 0 ||| qw: God list: Okawaru
     0 | D:1      | 0 ||| qw: Allow faded altars: false
     0 | D:1      | 0 ||| qw: Do Orc after D:15 true
     0 | D:1      | 0 ||| qw: Do second Lair branch before Depths: true
     0 | D:1      | 0 ||| qw: Lair rune preference: random
     0 | D:1      | 0 ||| qw: Plans: Normal
     0 | D:1      | 0 ||| PLANNING D:1-11
   127 | D:1      | Reached XP level 2. HP: 25/25 MP: 1/1
   135 | D:1      | Reached skill level 5 in Ranged Weapons
   275 | D:1      | Reached skill level 3 in Fighting
   493 | D:1      | 493 ||| UPGRADING to +0 ring mail.
   503 | D:1      | 503 ||| DROPPING +0 leather armour.
   504 | D:1      | 504 ||| READING scroll labelled HOPHAU UDGHITSI.
   505 | D:1      | 505 ||| READING scroll labelled VUAQUZXICK.
   506 | D:1      | 506 ||| READING scroll labelled VUFIGIYJOGG.
   510 | D:1      | 510 ||| DROPPING scroll of butterflies.
   552 | D:2      | 552 ||| STAIRDANCE
   675 | D:2      | Reached skill level 1 in Armour
   675 | D:2      | Reached XP level 3. HP: 31/31 MP: 2/2
   830 | D:2      | Noticed Robin
   839 | D:2      | HP: 6/31 [goblin/+0 club[Robin] (6)]
   839 | D:2      | HP: 2/31 [Robin/+0 spear (4)]
   843 | D:2      | Slain by Robin

Levels and vault maps discovered:
D:1:      dpeg_arrival_brainrot, layout_rooms
D:2:      layout_basic, serial_shops, nicolae_shop_crystal,
          basic_ecumenical_altar, small_statue_intersection, uniq_robin

Skill      XL: |  1  2 |
---------------+-------+-----
Ranged Weapons | 5 |  5.3
Fighting       | 3 |  3.0
Armour         | 1 |  1.1
Dodging        | |  2.1
Stealth        | |  0.7

Action                     || total
---------------------------++-------
   Fire: Shortbow          ||   107
    Use: Scroll            ||     3
 Armour: Leather armour    ||     3
         Ring mail         ||    10
  Dodge: Dodged            ||    21

Table legend:
 A = Non-vault XP
 B = Vault XP
 C = Vault XP percentage of total XP
 D = Non-vault monster count
 E = Vault monster count
 F = Vault count percentage of total count
                 A         B        C        D         E       F
            +---------+---------+-------+---------+---------+-------
      Total |      48 |      15 |  23.8 |      28 |       6 |  17.6
            +---------+---------+-------+---------+---------+-------
        D:1 |      31 |       5 |  13.9 |      19 |       1 |   5.0
        D:2 |      17 |      10 |  37.0 |       9 |       5 |  35.7
            +---------+---------+-------+---------+---------+-------
